 Dungeon Crawl Stone Soup version 0.31-a0-232-gb1c03b2570 (webtiles) character file.

Game seed: 2569124219617169677

281 qw the Shooter (level 6, -11/36 HPs)
             Began as a Gargoyle Hexslinger on July 7, 2023.
             Mangled by an ogre
             ... wielding a +0 giant spiked club
              (27 damage)
             ... on level 3 of the Dungeon.
             The game lasted 00:00:43 (2012 turns).

qw the Shooter (Gargoyle Hexslinger)                Turns: 2012, Time: 00:00:44

Health: -11/36     AC: 10    Str: 12    XL:     6   Next: 27%
Magic:  7/7        EV: 10    Int: 13    God:
Gold:   207        SH:  0    Dex: 14    Spells: 6/7 levels left

rFire   . . .        Y - +2 sling
rCold   . . .        (no shield)
rNeg    + . .        i - +0 ring mail
rPois   inf          (no helmet)
rElec   +            f - +0 cloak
rCorr   .            (no gloves)
SInv    .            (no boots)
Will    .....        a - amulet of regeneration
Stlth   +            h - +4 ring of slaying {mikee}
HPRegen 1.06/turn    (no ring)
MPRegen 0.10/turn

%: no passive effects
@: weak-willed
A: sickness immunity, AC +4, negative energy resistance 1, electricity
resistance, torment resistance 1, petrification resistance
a: no special abilities


You were on level 3 of the Dungeon.
You visited 1 branch of the dungeon, and saw 4 of its levels.

You collected 207 gold pieces.


Innate Abilities, Weirdness & Mutations

You are immune to sickness and miasma.
Your stone body is resilient. (AC +4)
You are immune to poison.
You resist negative energy. (rN+)
You are resistant to electric shocks. (rElec)
You are resistant to unholy torment.
You are immune to petrification.


   Skills:
 + Level 2.6 Fighting
 - Level 5.8 Ranged Weapons
 - Level 1.0 Armour
 - Level 1.5 Dodging
 - Level 1.0 Spellcasting
 - Level 2.6 Hexes


You had 6 spell levels left.
You knew the following spells:

 Your Spells              Type           Power      Damage    Failure   Level
a - Slow                  Hex            28%        N/A       22%         1

Your spell library contained the following spells:

 Spells                   Type           Power      Damage    Failure   Level
 Inner Flame              Hex/Fire       4%         N/A       73%         3
 Portal Projectile        Hex/Tloc       8%         N/A       73%         3
 Cause Fear               Hex            3%         N/A       91%         4

Inventory:

Hand Weapons
 Y - a +2 sling (weapon)
Armour
 f - a +0 cloak (worn)
 i - a +0 ring mail (worn)
Jewellery
 a - an amulet of regeneration (around neck)
 h - a +4 ring of slaying (left hand) {mikee}
Scrolls
 b - a scroll of identify
 c - a scroll of teleportation
Potions
 e - a potion of degeneration {unknown}
 g - a potion of curing {unknown}

Dungeon Overview and Level Annotations

Branches:
Dungeon (4/15)
 Temple: D:4-7

Altars:


Message History

1973 ||| READING 2 scrolls of identify.
As you read the scroll of identify, it crumbles to dust.
d - a potion of brilliance;
1973 ||| IDENTIFYING sapphire potion Done exploring.
1974 ||| DROPPING potion of brilliance.
You drop a potion of brilliance.
Done exploring.
(D) Dungeon
Where to? (* - list waypoints, Enter - D:3, ? - help)
What level of the Dungeon? (default 1, ? - help)
There is a stone staircase leading down here.
You climb downwards.
The ogre shouts!
There is a stone staircase leading up here.
There are monsters nearby!
Waypoint 3 assigned to D:4.
You shoot a sling bullet.
The sling bullet barely misses the ogre.
You shoot a sling bullet. The sling bullet hits the ogre!
The ogre is moderately wounded.
You shoot a sling bullet. The sling bullet hits the ogre.
The ogre is heavily wounded.
You shoot a sling bullet. The sling bullet hits the ogre.
The ogre is severely wounded.
The ogre hits you with a +0 giant spiked club!!
Ouch! That really hurt!
2010 ||| STAIRDANCE You climb upwards.
There is a stone staircase leading down here.
Enter note:
Enter note:
Enter note:
Enter note:
Enter note:
Enter note:
Enter note:
Enter note: You shoot a sling bullet.
The sling bullet hits the ogre.
The ogre is almost dead.
The ogre hits you with a +0 giant spiked club!!
Ouch! That really hurt!
You die...

####.#.##.#.###############.#.#.
#......[.....##############.#...
#.##.#.##.#..#...............[..
#.##.#.##.#..#...<...........#..
#.##.#.##.#..#..###########..###
##.##.#.##.#.[#(.# #..###
........##.......# #.....
##.##........[##O# ##.###
#.##########.##@# #.# #
#.##...#####.##.# #.# #
#.%..#.......##.# #.###
##.#...######...# #######..##
#.##.## #.### #.......... #.##.#
#.# #.######.## #.##.#######.##
#.# #.# #.##..........# #.# #.#
###.##########.:#######.## #.#


You could see an ogre.

Vanquished Creatures
  Grinder (D:3)
  An orc wizard (D:3)
  An adder (D:2)
  A worm (D:2)
  4 orcs (D:3)
  A ball python (D:1)
  4 endoplasms
  3 giant cockroaches
  4 hobgoblins
  5 kobolds
  2 quokkas (D:3)
  4 bats
  5 frilled lizards
  6 goblins
  8 rats
50 creatures vanquished.

Notes
Turn   | Place    | Note
-------+----------+-------------------------------------------
     0 | D:1      | qw the Gargoyle Hexslinger began the quest for the Orb.
     0 | D:1      | Reached XP level 1. HP: 12/12 MP: 2/2
     0 | D:1      | 0 ||| qw: Version: 0.3-a-46-gb1f654a
     0 | D:1      | 0 ||| qw: Game counter: 2836
     0 | D:1      | 0 ||| qw: Melee chars always use a shield: true
     0 | D:1      | 0 ||| qw: God list: Okawaru
     0 | D:1      | 0 ||| qw: Allow faded altars: false
     0 | D:1      | 0 ||| qw: Do Orc after clearing Dungeon:15 true
     0 | D:1      | 0 ||| qw: Do second Lair branch before Depths: true
     0 | D:1      | 0 ||| qw: Lair rune preference: random
     0 | D:1      | 0 ||| qw: Goals: Normal
     0 | D:1      | 0 ||| PLANNING D:1-11
   115 | D:1      | Reached XP level 2. HP: 16/16 MP: 3/3
   303 | D:1      | Reached skill level 3 in Ranged Weapons
   528 | D:1      | 528 ||| UPGRADING to +0 leather armour.
   538 | D:1      | 538 ||| DROPPING +0 robe.
   539 | D:1      | 539 ||| DROPPING ring of magical power.
   540 | D:1      | 540 ||| UPGRADING to +4 ring of slaying {mikee}.
   541 | D:1      | 541 ||| READING scroll labelled INOZUSOTHRAIS.
   542 | D:1      | 542 ||| READING scroll labelled ZUETIM POSU.
   543 | D:1      | 543 ||| DROPPING scroll of poison.
   600 | D:2      | Found a faded altar of an unknown god.
   850 | D:2      | Reached XP level 3. HP: 21/21 MP: 4/4
  1045 | D:2      | You fall into a shaft and drop 1 floor!
  1070 | D:3      | Noticed Grinder
  1083 | D:3      | Killed Grinder
  1084 | D:3      | Reached skill level 5 in Ranged Weapons
  1084 | D:3      | Reached XP level 4. HP: 19/26 MP: 5/5
  1084 | D:3      | Reached XP level 5. HP: 22/30 MP: 6/6
  1084 | D:3      | Reached XP level 6. HP: 26/35 MP: 7/7
  1204 | D:3      | 1204 ||| UPGRADING to +0 cloak.
  1209 | D:3      | 1209 ||| UPGRADING to +0 ring mail.
  1219 | D:3      | 1219 ||| DROPPING +0 leather armour.
  1220 | D:3      | 1220 ||| UPGRADING to amulet of regeneration.
  1225 | D:3      | 1225 ||| READING 2 scrolls labelled TEMEJE NAPP.
  1788 | D:3      | Reached skill level 1 in Armour
  1971 | D:3      | 1971 ||| READING scroll labelled XERUPH IBAO.
  1972 | D:3      | 1972 ||| READING scroll labelled QYBES NOJAIQADD.
  1973 | D:3      | 1973 ||| READING 2 scrolls of identify.
  1973 | D:3      | 1973 ||| IDENTIFYING sapphire potion
  1974 | D:3      | 1974 ||| DROPPING potion of brilliance.
  2010 | D:4      | 2010 ||| STAIRDANCE
  2012 | D:3      | Mangled by an ogre

Levels and vault maps discovered:
D:1:      co_arrival_random_square_maze, layout_rooms
D:2:      layout_basic, nicolae_ecumenical_lake_church
D:3:      layout_loops_ring, uniq_grinder
D:4:      layout_basic, mainiacjoe_overflow_paths,
          grunt_temple_overflow_champion_of_chaos, minmay_temple_entry_tees

Skill      XL: |  1  2  3  4  5  6 |
---------------+-------------------+-----
Ranged Weapons | 3 5 |  5.8
Fighting       | 2 |  2.6
Armour         | 1 |  1.0
Dodging        | |  1.5
Spellcasting   | |  1.0
Hexes          | |  2.6

Action                     |  1- 3 |  4- 6 || total
---------------------------+-------+-------++-------
   Fire: Sling             |    83 |    77 ||   160
    Use: Scroll            |     2 |     4 ||     6
 Armour: Robe              |    12 |       ||    12
         Leather armour    |     9 |     2 ||    11
         Ring mail         |       |    15 ||    15
  Dodge: Dodged            |    22 |     9 ||    31

Table legend:
 A = Non-vault XP
 B = Vault XP
 C = Vault XP percentage of total XP
 D = Non-vault monster count
 E = Vault monster count
 F = Vault count percentage of total count
                 A         B        C        D         E       F
            +---------+---------+-------+---------+---------+-------
      Total |     130 |     272 |  67.7 |      49 |       1 |   2.0
            +---------+---------+-------+---------+---------+-------
        D:1 |      25 |       0 |   0.0 |      17 |       0 |   0.0
        D:2 |      30 |       0 |   0.0 |       9 |       0 |   0.0
        D:3 |      75 |     272 |  78.4 |      23 |       1 |   4.2
            +---------+---------+-------+---------+---------+-------
